 Dungeon Crawl Stone Soup version 0.27.1-34-g3ba077fa99 (webtiles) character file.

Game seed: 1859816507042569495

277 mcbry74 the Ruffian (level 6, -3/59 HPs)
             Began as a Troll Fighter on Jan 28, 2022.
             Was an Initiate of Trog.
             Slain by a killer bee (5 damage)
             ... on level 4 of the Dungeon.
             The game lasted 00:08:52 (2664 turns).

mcbry74 the Ruffian (Troll Fighter)                 Turns: 2664, Time: 00:08:53

Health: -3/59      AC:  5    Str: 25    XL:     6   Next: 4%
Magic:  5/5        EV:  7    Int:  6    God:    Trog [......]
Gold:   131        SH:  8    Dex:  9    Spells: 5/5 levels left

rFire    + . .     SeeInvis .     - Unarmed
rCold    + . .     Faith    .   b - +0 kite shield
rNeg     . . .     Spirit   .   a - +0 robe
rPois    +         Reflect  .   (helmet restricted)
rElec    +         Harm     .   i - +0 cloak
rCorr    +         Rampage  .   (gloves unavailable)
Will     .....                  (boots unavailable)
Stlth    +.........             (no amulet)
HPRegen  1.19/turn              (no ring)
MPRegen  0.09/turn              (no ring)

@: lethally poisoned (-3 -> -5), resistant, weak-willed, flying
A: large, unfitting armour, claws 3, regeneration 1, shaggy fur 1, tough skin 1
a: Renounce Religion


You were on level 4 of the Dungeon.
You worshipped Trog.
Trog was noncommittal.
You visited 1 branch of the dungeon, and saw 4 of its levels.

You collected 131 gold pieces.

Inventory:

Missiles
 k - 2 javelins (quivered)
 l - 18 sling bullets
 o - 5 poisoned darts
Armour
 a - a +0 robe (worn)
 b - a +0 kite shield (worn)
 i - a +0 cloak (worn)
Scrolls
 f - a scroll of amnesia
Potions
 c - a potion of might
 d - 2 potions of haste
 n - a potion of mutation {unknown}
 p - a potion of attraction {unknown}


   Skills:
 - Level 2.4 Fighting
 - Level 2.4 Dodging
 - Level 2.4 Shields
 + Level 6.4 Unarmed Combat


You had 5 spell levels left.
You didn't know any spells.
Your spell library was empty.

Dungeon Overview and Level Annotations

Branches:
Dungeon (4/15)
 Temple: D:4-7

Altars:
Fedhas
Hepliaklqana
Trog


Innate Abilities, Weirdness & Mutations

You are too large for most types of armour.
You have claws for hands.
Your natural rate of healing is unusually fast.
You are covered in fur. (AC +1)
You have tough skin. (AC +1)


Message History

You scratch the killer bee but do no damage.
The killer bee is lightly wounded.
The killer bee barely misses you. The killer bee closely misses you.
You closely miss the killer bee.
The killer bee is lightly wounded.
The killer bee stings you.
You are poisoned.
The killer bee poisons you! You block the killer bee's attack.
You scratch the killer bee.
The killer bee is heavily wounded.
You feel sick. You block the killer bee's attack. x2
You scratch the killer bee.
The killer bee is almost dead.
You feel sick. The killer bee stings you.
You are more poisoned.
The killer bee poisons you! The killer bee stings you!
The killer bee barely misses you.
You barely miss the killer bee.
The killer bee is almost dead.
You feel very sick. The killer bee stings you!
You are more poisoned.
The killer bee poisons you! You block the killer bee's attack.
You barely miss the killer bee.
The killer bee is almost dead.
You feel very sick. The killer bee barely misses you.
The killer bee stings you.
* * * LOW HITPOINT WARNING * * *
It was a potion of flight.
You feel very buoyant.
You fly up into the air.
You feel very sick. The killer bee stings you!
* * * LOW HITPOINT WARNING * * *
You block the killer bee's attack.
It was a potion of resistance.
You feel protected.
* * * LOW HITPOINT WARNING * * *
You feel sick. The killer bee stings you.
You die...

## # .. # #.
.#.# #. ###.#.#
#..#..!..
#..#.#.#
#...y..# #
#.##.###.#
#...yy@..#
####.#####
##.#####
#.#....#
######.....###.
.......<.......
##.###.....##..
#......# #
#........


You could see 2 killer bees.

Vanquished Creatures
  A scorpion (D:3)
  Crazy Yiuf (D:2)
  Jessica (D:2)
  Terence (D:2)
  8 adders
  A worm (D:3)
  A dart slug (D:2)
  2 orcs (D:3)
  7 endoplasms
  4 giant cockroaches
  6 goblins
  4 hobgoblins
  9 jackals
  A quokka (D:1)
  2 ball pythons
  6 bats
  4 frilled lizards
  4 kobolds
  4 rats
67 creatures vanquished.

Notes
Turn   | Place    | Note
-------+----------+-------------------------------------------
     0 | D:1      | mcbry74 the Troll Fighter began the quest for the Orb.
     0 | D:1      | Reached XP level 1. HP: 22/22 MP: 0/0
   176 | D:1      | Reached XP level 2. HP: 24/29 MP: 1/1
   327 | D:1      | Reached skill level 3 in Unarmed Combat
   971 | D:2      | Reached XP level 3. HP: 36/36 MP: 2/2
  1034 | D:2      | Found a runed translucent door.
  1035 | D:2      | Noticed Crazy Yiuf
  1043 | D:2      | HP: 1/36 [Crazy Yiuf (12)]
  1044 | D:2      | Killed Crazy Yiuf
  1045 | D:2      | Reached skill level 4 in Unarmed Combat
  1129 | D:2      | Noticed Terence
  1135 | D:2      | Killed Terence
  1136 | D:2      | Reached XP level 4. HP: 43/44 MP: 3/3
  1238 | D:2      | Noticed Jessica
  1241 | D:2      | Killed Jessica
  1242 | D:2      | Reached skill level 5 in Unarmed Combat
  1397 | D:2      | Reached XP level 5. HP: 50/50 MP: 4/4
  1948 | D:3      | Found a hazy altar of Hepliaklqana.
  1955 | D:3      | Found a blossoming altar of Fedhas.
  1964 | D:3      | Reached skill level 6 in Unarmed Combat
  2098 | D:3      | Found a faded altar of an unknown god.
  2231 | D:3      | Reached XP level 6. HP: 59/59 MP: 5/5
  2316 | D:3      | Found a bloodstained altar of Trog.
  2548 | D:3      | Became a worshipper of Trog the Wrathful
  2664 | D:4      | HP: 2/59 [poisoned by a killer bee]
  2664 | D:4      | Slain by a killer bee

Illustrated notes

Levels and vault maps discovered:
D:1:      matt_arrival_diagonals, layout_basic, chequers_big_river
D:2:      layout_basic, minmay_tetromino_l2, uniq_terence,
          uniq_crazy_yiuf_cottage, uniq_jessica
D:3:      layout_basic, grunt_temple_overflow_open,
          shapermc_ecumenical_altar_venn, kennysheep_flooded_box
D:4:      layout_loops_corners, nemelex_xobeh_ov_fountains_minmay,
          old_standard_altar, lemuel_mausoleum_altar_yredelemnul,
          cheibrodos_sewer_entry_sluice, uniq_grinder, uniq_duvessa

Skill      XL: |  1  2  3  4  5 |
---------------+----------------+-----
Unarmed Combat | 3 4 5 6 |  6.4
Fighting       | |  2.4
Dodging        | |  2.4
Shields        | |  2.4

Action                   |  1- 3 |  4- 6 || total
-------------------------+-------+-------++-------
Melee: Unarmed           |    66 |   114 ||   180
  Use: Scroll            |       |     4 ||     4
       Potion            |       |     2 ||     2
Armor: Robe              |    23 |    37 ||    60
Dodge: Dodged            |    10 |    29 ||    39
Block: Kite shield       |    19 |    39 ||    58
